 Dungeon Crawl Stone Soup version 0.24.1-14-gf8d2b509d9 (webtiles) character file.

Game seed: 5800378437704562175, levelgen mode: deterministic

1310 mortelune the Changer (level 8, -1/54 HPs)
             Began as an Octopode Transmuter on May 17, 2020.
             Slain by a centaur (7 damage)
             ... on level 6 of the Dungeon.
             The game lasted 00:08:46 (7270 turns).

mortelune the Changer (Octopode Transmuter)         Turns: 7270, Time: 00:08:46

Health: -1/54      AC:  2    Str:  9    XL:     8   Next: 58%
Magic:  6/15       EV: 22    Int: 18    God:
Gold:   329        SH:  0    Dex: 17    Spells: 7/17 levels left

rFire    . . .     SeeInvis .     - Unarmed
rCold    . . .     Gourm    .   (shield currently unavailable)
rNeg     . . .     Faith    .   (helmet currently unavailable)
rPois    x         Spirit   .   (no amulet)
rElec    .         Reflect  .   (no ring)
rCorr    .         Harm     .   (no ring)
MR       .....                  (no ring)
Stlth    ++........             (no ring)
HPRegen  0.18/turn              (no ring)
MPRegen  0.14/turn              (no ring)
                                (no ring)
                                (no ring)

@: spider-form, very slightly contaminated
A: tiny, almost no armour, stealthy swim, (amphibious), 8 rings, (constrict 8)
a: End Transformation


You were on level 6 of the Dungeon.
You were not hungry.
You were a venomous arachnid creature.
You visited 1 branch of the dungeon, and saw 6 of its levels.

You collected 329 gold pieces.

Inventory:

Missiles
 b - 16 poisoned darts (quivered)
 Q - 65 arrows
Wands
 m - a wand of flame (17)
Scrolls
 a - a scroll of magic mapping
 g - 3 scrolls of fog {unknown}
 h - 2 scrolls of remove curse {unknown}
 i - 4 scrolls of identify
 k - 3 scrolls of fear {unknown}
 n - a scroll of amnesia {unknown}
 o - a scroll of enchant weapon {unknown}
 r - a scroll of random uselessness {unknown}
 s - a scroll of immolation {unknown}
 t - 2 scrolls of teleportation
Potions
 d - a potion of resistance
 e - 3 potions of curing
 f - 2 potions of agility {unknown}
 j - a potion of cancellation
 l - 3 potions of lignification
 q - a potion of flight {unknown}
Comestibles
 c - 11 rations
 p - a chunk of flesh


   Skills:
 + Level 3.7 Fighting
 + Level 4.2 Dodging
 + Level 4.7 Unarmed Combat
 * Level 5.3 Spellcasting
 * Level 5.7 Transmutations


You had 7 spell levels left.
You knew the following spells:

 Your Spells              Type           Power        Failure   Level  Hunger
a - Beastly Appendage     Tmut           ####..       6%          1    None
b - Sticks to Snakes      Tmut           ####....     8%          2    #......
c - Spider Form           Tmut/Pois      ###.......   28%         3    ##.....
d - Ice Form              Ice/Tmut       ###.....     58%         4    ####...

Your spell library contained the following spells:

 Spells                   Type           Power        Failure   Level  Hunger
 Blade Hands              Tmut           ####......   54%         5    ######.


Dungeon Overview and Level Annotations

Branches:
Dungeon (6/15)
 Temple: D:4-7

Altars:
Qazlal
Yredelemnul
Zin

Shops:
D:4 [   D:5 [

Annotations:
D:6 8 runed translucent doors


Innate Abilities, Weirdness & Mutations

You cannot wear most types of armour.
You are very stealthy in the water. (Stealth+)
((You are amphibious.))
You can wear up to eight rings at the same time.
((You can use your tentacles to constrict eight enemies at once.))
((Your skin changes colour to match your surroundings (Stealth+).))
((Your rubbery body absorbs attacks. (AC +1, EV +1)))


Message History

Casting: Sticks to Snakes (safe; 1% risk of failure)
Confirm with . or Enter, or press ? or * to list all spells.
You turn into a venomous arachnid creature.
The centaur hits you but does no damage.
You hit the centaur but do no damage.
The centaur is poisoned.
The centaur misses you.
You bite the centaur!
The centaur looks even sicker.
The centaur is heavily wounded.
The centaur hits you!
* * * LOW HITPOINT WARNING * * *
The centaur barely misses you.
The worker ant waves its antennae.
You hit the centaur.
The centaur looks as sick as possible!
The centaur is severely wounded.
The centaur misses you.
You feel better. The centaur hits you.
* * * LOW HITPOINT WARNING * * *
The ice beast closely misses your ball python.
The centaur hits you!
You die...

.#<...# #.# .####.# #.#
....#[# #.# ###...# #.# ..
......# #.# ... ###.###
###.###.#####... .......
................ ###.###
####.###c....#### .....
.......s......... ###.#
########......### # #.#
#.....÷a....# ## ..
+...........##### .#######
#................ .......##
#..........######## #....#..##
#......##..S....S.#
###......###......#####Y.###.#
yy####....##..........#†.a.Y.#


You could see an ice beast, a centaur, a worker ant and a friendly ball python.

Vanquished Creatures
  Eustachio (D:4)
  Menkaure (D:5)
  A sky beast (D:5)
  A centaur (D:6)
  3 bullfrogs (D:6)
  2 crimson imps
  3 howler monkeys
  2 hounds
  A jelly (D:5)
  An orc wizard (D:5)
  6 worker ants
  4 gnolls (D:6)
  2 adders
  3 oozes
  An adder skeleton (D:4)
  3 worms
  2 dart slugs
  7 leopard geckos
  6 orcs
  6 bats
  2 gnoll zombies (D:2)
  4 goblins
  2 hobgoblins (D:1)
  10 jackals
  7 kobolds
  2 quokkas
  A ball python (D:5)
  7 frilled lizards
  A jackal skeleton (D:6)
  A jackal zombie (D:5)
  A leopard gecko skeleton (D:4)
  A leopard gecko zombie (D:5)
  A quokka skeleton (D:5)
  7 rats
103 creatures vanquished.

Vanquished Creatures (collateral kills)
  An ogre (D:5)
  An adder (D:6)
2 creatures vanquished.

Grand Total: 105 creatures vanquished

Notes
Turn   | Place    | Note
-------+----------+-------------------------------------------
     0 | D:1      | mortelune the Octopode Transmuter began the quest for the
                  | Orb.
     0 | D:1      | Reached XP level 1. HP: 13/13 MP: 3/3
    70 | D:1      | Reached XP level 2. HP: 18/18 MP: 5/5
   715 | D:1      | Reached XP level 3. HP: 23/23 MP: 6/6
   723 | D:1      | Learned a level 2 spell: Sticks to Snakes
   727 | D:1      | Learned a level 3 spell: Spider Form
  1171 | D:2      | Found a glowing silver altar of Zin.
  1226 | D:2      | Found a faded altar of an unknown god.
  1392 | D:2      | Found a basalt altar of Yredelemnul.
  2297 | D:3      | Reached XP level 4. HP: 24/28 MP: 6/8
  3208 | D:4      | Found Ytumnuen's Antique Armour Emporium.
  3235 | D:4      | Reached XP level 5. HP: 27/34 MP: 5/9
  3756 | D:4      | Noticed a phantom
  3760 | D:4      | Noticed Eustachio
  3784 | D:3      | Reached XP level 6. HP: 30/39 MP: 9/11
  3794 | D:3      | Learned a level 4 spell: Ice Form
  3882 | D:5      | Entered Level 5 of the Dungeon
  3883 | D:5      | Noticed a sky beast
  4129 | D:4      | Killed Eustachio
  4337 | D:4      | Reached XP level 7. HP: 38/45 MP: 10/12
  4483 | D:5      | Found a stormy altar of Qazlal.
  5220 | D:5      | Found Plog's Antique Armour Boutique.
  5665 | D:5      | Noticed Menkaure
  5673 | D:5      | HP: 1/46 [Menkaure/nerve-wracking pain (10)]
  5681 | D:5      | Killed Menkaure
  5973 | D:5      | Reached skill level 5 in Transmutations
  6235 | D:5      | Reached XP level 8. HP: 52/52 MP: 12/14
  6855 | D:6      | Found a runed translucent gate.
  6856 | D:6      | Found a runed translucent gate.
  6858 | D:6      | Found a runed translucent door.
  6889 | D:6      | Found the +9 staff of Olgreb {rPois}
  6892 | D:6      | Found a runed translucent gate.
  6893 | D:6      | Found a runed translucent gate.
  6906 | D:6      | Found a runed translucent gate.
  6907 | D:6      | Found a runed translucent door.
  7057 | D:6      | Reached skill level 5 in Spellcasting
  7180 | D:6      | Found a runed translucent gate.
  7268 | D:6      | HP: 2/54 [centaur (8)]
  7270 | D:6      | Slain by a centaur

Levels and vault maps discovered:
D:1:      dpeg_arrival_tiny_h, layout_loops_ring
D:2:      mumra_celtic_spiral_tile, layout_basic, old_standard_altar,
          lemuel_zombie_altar_yredelemnul, chequers_ecumenical_altar_simple,
          first_ration
D:3:      layout_loops_ring, hangedman_decor_clover_reticule
D:4:      layout_loops_cross, serial_shops, nicolae_shop_crystal, uniq_eustachio
D:5:      layout_basic, overflow_temple_1_default, serial_shops,
          nicolae_shop_crystal, minmay_misc_feat_pillars, uniq_menkaure
D:6:      layout_basic, overflow_temple_1_default, gammafunk_ghost_icy,
          minmay_guarded_unrand_staff_of_olgreb

Skill      XL: |  1  2  3  4  5  6  7  8 |
---------------+-------------------------+-----
Spellcasting   | 3 4 5 |  5.3
Transmutations | 3 4 5 |  5.7
Fighting       | 2 3 |  3.7
Dodging        | 3 4 |  4.2
Unarmed Combat | 4 |  4.7

Action                   |  1- 3 |  4- 6 |  7- 9 || total
-------------------------+-------+-------+-------++-------
Melee: Unarmed           |    77 |    96 |   170 ||   343
       Constrict         |    17 |    18 |    16 ||    51
       Tentacles         |     9 |    16 |    15 ||    40
       Kick              |       |     7 |     3 ||    10
       Punch             |       |     3 |     4 ||     7
 Cast: Beastly Appendage |     1 |     5 |     3 ||     9
       Sticks to Snakes  |       |     3 |     5 ||     8
       Spider Form       |       |     1 |    10 ||    11
  Use: Scroll            |     7 |       |     2 ||     9
       Potion            |       |       |     3 ||     3
 Stab: Sleeping          |    16 |     5 |     3 ||    24
       Distracted        |       |     1 |       ||     1
  Eat: Chunk             |     4 |     7 |    10 ||    21
Armor: Skin              |     1 |    10 |     5 ||    16
Dodge: Dodged            |    38 |    70 |   141 ||   249
